 Dungeon Crawl Stone Soup version 0.31.0-11-ge490571c62 (webtiles) character file.

Game seed: 16913658786069387971

53 qw the Shooter (level 3, -1/20 HPs)
             Began as a Deep Elf Hunter on Feb 4, 2024.
             Frozen to death by an endoplasm (5 damage)
             ... on level 2 of the Dungeon.
             The game lasted 00:00:30 (970 turns).

qw the Shooter (Deep Elf Hunter)                     Turns: 970, Time: 00:00:31

Health: -1/20      AC:  6    Str: 10    XL:     3   Next: 62%
Magic:  5/5        EV:  9    Int: 13    God:
Gold:   143        SH:  0    Dex: 18    Spells: 2/2 levels left

rFire   . . .        a - +0 shortbow
rCold   . . .        (shield currently unavailable)
rNeg    . . .        g - +0 scale mail
rPois   .            (no helmet)
rElec   .            (no cloak)
rCorr   .            (no gloves)
SInv    .            (no boots)
Will    .....        (no amulet)
Stlth   +            (no ring)
HPRegen 0.23/turn    (no ring)
MPRegen 0.09/turn

%: no passive effects
@: no status effects
A: no striking features
a: no special abilities


You were on level 2 of the Dungeon.
You visited 1 branch of the dungeon, and saw 2 of its levels.

You collected 143 gold pieces.


   Skills:
 - Level 1.5 Fighting
 + Level 7.1 Ranged Weapons
 - Level 2.4 Dodging
 - Level 1.2 Stealth


You had 2 spell levels left.
You didn't know any spells.
Your spell library was empty.

Inventory:

Hand Weapons
 a - a +0 shortbow (weapon)
Armour
 g - a +0 scale mail (worn)
Potions
 b - a potion of might {unknown}

Dungeon Overview and Level Annotations

Branches:
Dungeon (2/15)

Altars:


Message History

The adder closely misses you.
You shoot an arrow. The arrow barely misses the adder.
The adder closely misses you.
You shoot an arrow. The arrow hits the adder!
The adder is severely wounded.
The adder bites you but does no damage. The hobgoblin hits you.
The adder closely misses you.
You shoot an arrow. The arrow hits the adder.
You kill the adder!
The hobgoblin hits you.
The hobgoblin hits you but does no damage.
The endoplasm jiggles.
Your Ranged Weapons skill increases to level 7!
You shoot an arrow. The arrow hits the dart slug.
The dart slug is moderately wounded.
The hobgoblin barely misses you. The dart slug closely misses you.
You shoot an arrow.
The arrow hits the dart slug but does no damage.
The dart slug is moderately wounded.
The hobgoblin hits you. The dart slug barely misses you.
You shoot an arrow. The arrow hits the dart slug.
You kill the dart slug!
The hobgoblin hits you. x2
The endoplasm freezes you.
You are frozen.
You shoot an arrow.
The arrow hits the hobgoblin but does no damage.
The endoplasm jiggles.
The endoplasm hits you but does no damage.
The hobgoblin hits you.
You shoot an arrow. The arrow hits the hobgoblin.
You kill the hobgoblin!
The endoplasm hits you.
You shoot an arrow. The arrow hits the endoplasm.
The endoplasm is heavily wounded.
The endoplasm freezes you.
You are frozen.
The endoplasm freezes you.
You are frozen.
You die...

#.......#
#.......#
#.......#
#.......#
#####.### #.#
#.# ###.####
#....@%#
#..###J...?.#
#.. )###..#
#.. .# . #..
.. ..# .. ...
.## .#. #.


You could see an endoplasm.

Vanquished Creatures
  2 adders (D:2)
  2 dart slugs
  A ball python (D:1)
  An endoplasm (D:1)
  A giant cockroach (D:1)
  4 goblins
  5 hobgoblins
  3 quokkas (D:1)
  A bat (D:1)
  5 frilled lizards (D:1)
  2 kobolds
  2 rats
29 creatures vanquished.

Notes
Turn   | Place    | Note
-------+----------+-------------------------------------------
     0 | D:1      | qw the Deep Elf Hunter began the quest for the Orb.
     0 | D:1      | Reached XP level 1. HP: 12/12 MP: 3/3
     0 | D:1      | 0 ||| qw: Version: 0.3-a-160-g6735b56
     0 | D:1      | 0 ||| qw: Game counter: 5863
     0 | D:1      | 0 ||| qw: Melee chars always use a shield: true
     0 | D:1      | 0 ||| qw: God list: Okawaru
     0 | D:1      | 0 ||| qw: Allow faded altars: false
     0 | D:1      | 0 ||| qw: Do Orc after clearing Dungeon:15 true
     0 | D:1      | 0 ||| qw: Do second Lair branch before Depths: true
     0 | D:1      | 0 ||| qw: Lair rune preference: random
     0 | D:1      | 0 ||| qw: Goals: Normal
     0 | D:1      | 0 ||| PLANNING D:1-11
   157 | D:1      | Reached XP level 2. HP: 16/16 MP: 4/4
   167 | D:1      | Reached skill level 6 in Ranged Weapons
   841 | D:1      | 841 ||| UPGRADING to +0 scale mail.
   851 | D:1      | 851 ||| DROPPING +0 leather armour.
   852 | D:1      | 852 ||| READING 2 scrolls labelled CARCHEER HOXOO.
   852 | D:1      | 852 ||| IDENTIFYING amethyst potion
   853 | D:1      | 853 ||| READING scroll of identify.
   853 | D:1      | 853 ||| IDENTIFYING scroll labelled XIJEPO OCOLA
   854 | D:1      | 854 ||| DROPPING scroll of butterflies.
   855 | D:1      | 855 ||| DROPPING potion of brilliance.
   856 | D:1      | 856 ||| DROPPING scroll of immolation.
   953 | D:2      | Reached XP level 3. HP: 20/20 MP: 5/5
   965 | D:2      | Reached skill level 7 in Ranged Weapons
   970 | D:2      | HP: 4/20 [frozen (4)]
   970 | D:2      | Frozen to death by an endoplasm

Levels and vault maps discovered:
D:1:      co_arrival_two_rings, layout_loops_ring, serial_forest,
          infiniplex_forest_clump_tiny, infiniplex_forest_clump_small,
          infiniplex_forest_clump_diagonal, infiniplex_forest_lined_2,
          infiniplex_forest_lined_3, infiniplex_forest_clump_long,
          infiniplex_forest_lined_4_way, infiniplex_forest_side_room,
          kennysheep_flooded_box
D:2:      layout_basic, basic_altar, minmay_heptomino_o4

Skill      XL: |  1  2  3 |
---------------+----------+-----
Ranged Weapons | 6 7 |  7.1
Fighting       | |  1.5
Dodging        | |  2.4
Stealth        | |  1.2

Action                     || total
---------------------------++-------
   Fire: Shortbow          ||    59
    Use: Scroll            ||     2
 Armour: Leather armour    ||     4
         Scale mail        ||    14
  Dodge: Dodged            ||    12

Table legend:
 A = Non-vault XP
 B = Vault XP
 C = Vault XP percentage of total XP
 D = Non-vault monster count
 E = Vault monster count
 F = Vault count percentage of total count
                 A         B        C        D         E       F
            +---------+---------+-------+---------+---------+-------
      Total |      41 |      35 |  46.1 |      24 |       5 |  17.2
            +---------+---------+-------+---------+---------+-------
        D:1 |      36 |       0 |   0.0 |      21 |       0 |   0.0
        D:2 |       5 |      35 |  87.5 |       3 |       5 |  62.5
            +---------+---------+-------+---------+---------+-------
